 Dungeon Crawl Stone Soup version 0.24.0-29-g8ce449bc06 (webtiles) character file.

Game seed: 7387189327773345991, levelgen mode: deterministic

1545 Descartes the Martial Artist (level 8, -4/37 HPs)
             Began as a Vine Stalker Transmuter on Nov 15, 2019.
             Killed from afar by an orc wizard (5 damage)
             ... with a magic dart
             ... on level 6 of the Dungeon.
             The game lasted 00:15:30 (5367 turns).

Descartes the Martial Artist (VSTm)                 Turns: 5367, Time: 00:15:32

Health: -4/37      AC: 10    Str: 15    XL:     8   Next: 87%
Magic:  0/12       EV: 11    Int: 15    God:
Gold:   246        SH:  0    Dex: 15    Spells: 3/11 levels left

rFire    . . .     SeeInvis .     - Unarmed
rCold    . . .     Gourm    .   (no shield)
rNeg     . . .     Faith    .   x - +2 ring mail {rPois}
rPois    +         Spirit   +   q - +1 helmet
rElec    .         Reflect  .   (no cloak)
rCorr    .         Harm     .   b - +0 pair of gloves
MR       ++...                  (no boots)
Stlth    +.........             (no amulet)
HPRegen  0.52/turn              k - +2 ring of intelligence
MPRegen  0.13/turn              p - ring of protection from magic

@: no status effects
A: fangs 3, regeneration 1, magic shield, antimagic bite, no potion heal 3, rot
immunity
a: no special abilities


You were on level 6 of the Dungeon.
You were not hungry.

You visited 1 branch of the dungeon, and saw 6 of its levels.
You also visited: Sewer.

You collected 246 gold pieces.

Inventory:

Missiles
 a - 34 arrows
 g - 127 stones (quivered)
 l - 4 atropa-tipped darts
 m - 34 poisoned darts
 o - 63 bolts
 t - 6 boomerangs
 y - a throwing net
 F - 8 curare-tipped darts
Armour
 b - a +0 pair of gloves (worn)
 n - a +0 pair of gloves
 q - a +1 helmet (worn)
 u - a +0 plate armour
 x - a +2 ring mail of poison resistance (worn)
Jewellery
 k - a +2 ring of intelligence (left hand)
 p - a ring of protection from magic (right hand)
Wands
 c - a wand of random effects (22)
Scrolls
 h - 3 scrolls of remove curse
 i - 5 scrolls of teleportation
 v - a scroll of immolation
 B - a scroll of magic mapping
Potions
 e - a potion of cancellation {unknown}
 f - a potion of experience {unknown}
 j - a potion of mutation {unknown}
 r - 3 potions of ambrosia
 s - 6 potions of curing
 w - 2 potions of might
 z - 8 potions of flight
 A - a potion of resistance {unknown}
 C - 3 potions of agility
Comestibles
 d - 11 rations


   Skills:
 - Level 0.8 Fighting
 + Level 1.5 Armour
 + Level 2.4 Dodging
 * Level 10.6 Unarmed Combat
 - Level 2.1 Spellcasting
 - Level 2.0 Transmutations


You had 3 spell levels left.
You knew the following spells:

 Your Spells              Type           Power        Failure   Level  Hunger
a - Beastly Appendage     Tmut           #.....       19%         1    #......
b - Sticks to Snakes      Tmut           #.......     28%         2    ###....
c - Blade Hands           Tmut           #.........   99%         5    ######.

Your spell library contained the following spells:

 Spells                   Type           Power        Failure   Level  Hunger
 Magic Dart               Conj           #...         38%         1    #......
 Blink                    Tloc           N/A          54%         2    ###....
 Call Imp                 Summ           #.......     54%         2    ###....
 Slow                     Hex            #.......     54%         2    ###....
 Spider Form              Tmut/Pois      #.........   63%         3    ###....
 Conjure Flame            Conj/Fire      #.......     77%         3    ###....
 Mephitic Cloud           Conj/Pois/Air  #.......     77%         3    ###....
 Ice Form                 Ice/Tmut       #.......     95%         4    #####..


Dungeon Overview and Level Annotations

Branches:
Dungeon (6/15)              Sewer (visited)
 Temple: D:4-7

Altars:
Dithmenos


Innate Abilities, Weirdness & Mutations

You have razor-sharp teeth.
Your natural rate of healing is unusually fast.
When hurt, damage is shared between your health and your magic reserves.
Your bite disrupts and absorbs the magic of your enemies.
Potions cannot restore your health.
You are immune to rotting.


Message History

You hit the orc warrior.
You kill the orc warrior!
Something hits you but does no damage. Something hits you but does no damage.
Things that are here:
a +0 dire flail; a +0 plate armour of positive energy Something hits you but does no damage.
Something hits you but does no damage. Something hits you but does no damage.
Something hits you.
* * * LOW HITPOINT WARNING * * *
There is a stone staircase leading up here.
You hear some strange, mumbled words.
A puff of frost appears from out of thin air!
The puff of frost hits you.
* * * LOW HITPOINT WARNING * * *
You hear some strange, mumbled words.
A magic dart appears from out of thin air!
The magic dart hits you.
You die...

.# ## .## #. ..#
#.####..####
#.#@........
#.##.o>.....
###...o.#.#.#######.
#....o..............
#.........#......$#
#####.#####...)...#
#)#...#.......#
#..Z..'.......#
###...#.......#


You could see 2 orcs.

Vanquished Creatures
  Sigmund (D:4)
  Edmund (D:4)
  An orc warrior (D:6)
  2 phantoms (D:4)
  A sky beast (D:5)
  2 ogres (D:5)
  A scorpion (D:4)
  A crimson imp (D:5)
  A centaur zombie (D:5)
  2 orc priests
  A centaur skeleton (D:5)
  4 worker ants
  Natasha (twice) (D:3)
  An iguana (D:6)
  An orc wizard (D:4)
  A hound skeleton (D:3)
  Robin (D:2)
  5 gnolls
  7 river rats
  7 adders
  2 oozes
  4 worms (D:4)
  3 dart slugs
  2 leopard geckos
  11 orcs
  6 bats
  3 giant cockroaches
  11 goblins (D:2)
  6 hobgoblins
  2 jackals (D:6)
  4 ball pythons
  10 frilled lizards
  25 kobolds
  A leopard gecko zombie (D:5)
  24 rats
157 creatures vanquished.

Notes
Turn   | Place    | Note
-------+----------+-------------------------------------------
     0 | D:1      | Descartes the Vine Stalker Transmuter began the quest for
                  | the Orb.
     0 | D:1      | Reached XP level 1. HP: 9/9 MP: 4/4
   219 | D:1      | Reached XP level 2. HP: 11/14 MP: 6/6
   408 | D:1      | Learned a level 2 spell: Sticks to Snakes
   638 | D:1      | Reached skill level 4 in Unarmed Combat
   638 | D:1      | Reached XP level 3. HP: 2/17 MP: 1/7
  1271 | D:2      | Found a shadowy altar of Dithmenos.
  1296 | D:2      | Gained mutation: Your natural rate of healing is unusually
                  | fast. [Vine Stalker growth]
  1296 | D:2      | Reached XP level 4. HP: 19/21 MP: 8/8
  1344 | D:2      | Noticed Robin
  1442 | D:2      | Reached skill level 5 in Unarmed Combat
  2096 | D:2      | Killed Robin
  2266 | D:2      | Found a shadowy altar of Dithmenos.
  2753 | D:3      | Reached XP level 5. HP: 24/25 MP: 7/9
  2901 | D:3      | Noticed Natasha
  2905 | D:3      | Killed Natasha
  2979 | D:3      | Learned a level 5 spell: Blade Hands
  3183 | D:3      | Noticed Natasha
  3193 | D:3      | Killed Natasha
  3193 | D:3      | Reached skill level 6 in Unarmed Combat
  3305 | D:4      | Reached XP level 6. HP: 26/29 MP: 7/10
  3382 | D:4      | Noticed a phantom
  3451 | D:4      | Killed a phantom
  3451 | D:4      | Reached skill level 7 in Unarmed Combat
  3562 | D:4      | Reached XP level 7. HP: 26/32 MP: 8/11
  3670 | D:4      | Reached skill level 8 in Unarmed Combat
  3717 | D:4      | Noticed Sigmund
  3726 | D:4      | Killed Sigmund
  3748 | D:4      | Noticed Edmund
  3768 | D:4      | Killed Edmund
  3768 | D:4      | Reached skill level 9 in Unarmed Combat
  3885 | D:4      | Gained mutation: You have razor-sharp teeth. [Vine Stalker
                  | growth]
  3885 | D:4      | Reached XP level 8. HP: 11/37 MP: 9/12
  4225 | D:5      | Entered Level 5 of the Dungeon
  4301 | D:5      | Reached skill level 10 in Unarmed Combat
  4374 | D:5      | Found a glowing drain.
  4395 | Sewer    | Entered a sewer
  4926 | D:5      | Reached skill level 1 in Armour
  5367 | D:6      | HP: 1/37 [something/puff of frost (4)]
  5367 | D:6      | Killed from afar by an orc wizard

Levels and vault maps discovered:
D:1:      dpeg_arrival_rooms_a, layout_loops_ring, minmay_octomino_e4
D:2:      layout_rooms, overflow_temple_1_default, first_ration, uniq_robin
D:3:      layout_loops_corners, uniq_natasha
D:4:      layout_loops_ring, nicolae_ossuary_entry_ruins,
          sigmund_edmund_badplayer
D:5:      layout_loops_ring, portal_sewer_entry_b
D:6:      layout_basic

Skill      XL: |  1  2  3  4  5  6  7  8 |
---------------+-------------------------+-----
Unarmed Combat | 4 5 6 7 9 10 | 10.6
Dodging        | 2 |  2.4
Armour         | 1 |  1.5
Fighting       | |  0.8
Spellcasting   | |  2.1
Transmutations | |  2.0

Action                   |  1- 3 |  4- 6 |  7- 9 || total
-------------------------+-------+-------+-------++-------
Melee: Unarmed           |    74 |   184 |   278 ||   536
       Bite              |    21 |    46 |    70 ||   137
       Kick              |       |     5 |     1 ||     6
       Punch             |       |     8 |    11 ||    19
 Cast: Beastly Appendage |       |     3 |     1 ||     4
  Use: Scroll            |       |     6 |     7 ||    13
 Stab: Sleeping          |     3 |     1 |       ||     4
  Eat: Chunk             |     1 |     4 |     6 ||    11
       Ration            |       |     1 |       ||     1
Armor: Robe              |    29 |     4 |       ||    33
       Leather armour    |       |     3 |       ||     3
       Ring mail         |       |    30 |   101 ||   131
Dodge: Dodged            |    41 |    77 |   157 ||   275
